 Dungeon Crawl Stone Soup version 0.19-a0-1168-g98094fc (webtiles) character file.

151 AlphabetPasta the Slasher (level 5, -3/37 HPs)
             Began as an Octopode Chaos Knight on Aug 16, 2016.
             Slain by a sky beast (5 damage)
             ... on level 3 of the Dungeon.
             The game lasted 00:08:25 (2696 turns).

AlphabetPasta the Slasher (Octopode Chaos Knight)   Turns: 2696, Time: 00:08:28

Health: -3/37      AC:  1    Str: 13    XL:     5   Next: 33%
Magic:  5/5        EV: 14    Int: 14    God:    Xom [......]
Gold:   99         SH:  0    Dex: 11    Spells: 0 memorised, 4 levels left

rFire  . . .     SeeInvis .     a - +0 falchion (chaos)
rCold  . . .     Gourm    .     (no shield)
rNeg   . . .     Faith    .     (helmet restricted)
rPois  .         Spirit   .     (no amulet)
rElec  .         Dismiss  .     (no ring)
rCorr  .         Reflect  .     (no ring)
MR     .....     Harm     .     (no ring)
Stlth  ++........               (no ring)
                                (no ring)
                                (no ring)
                                (no ring)
                                (no ring)

@: confused
A: almost no armour, amphibious, 8 rings, constrict 8, camouflage 1, gelatinous
body 1
a: Renounce Religion


You were on level 3 of the Dungeon.
You worshipped Xom.
You were a very special plaything of Xom.
You were not hungry.

You visited 1 branch of the dungeon, and saw 3 of its levels.

You collected 99 gold pieces.

Inventory:

Hand Weapons
 a - a +0 falchion of chaos (weapon)
Wands
 i - a wand of digging (5/24)
Scrolls
 c - a scroll of enchant weapon
 e - 3 scrolls of identify
Potions
 h - a potion of flight
Comestibles
 b - 4 bread rations
 d - a beef jerky
 f - 9 chunks of flesh
 g - a slice of pizza


   Skills:
 + Level 3.8 Fighting
 * Level 4.3 Long Blades
 + Level 1.8 Throwing
 + Level 3.1 Dodging
 + Level 0.0 Evocations


You had 4 spell levels left.
You didn't know any spells.

Dungeon Overview and Level Annotations

Branches:
Dungeon (3/15)

Altars:
Trog


Innate Abilities, Weirdness & Mutations

You cannot wear most types of armour.
You are amphibious.
You can wear up to eight rings at the same time.
You can use your tentacles to constrict eight enemies at once.
Your skin changes colour to match your surroundings (Stealth+).
Your rubbery body absorbs attacks. (AC +1, EV +1)


Message History

The sky beast flickers out of sight!
Deactivating autopickup; reactivate with Ctrl-A.
A sky beast appears from thin air!
Reactivating autopickup.
Found a scroll labeled QAUXZU ZEHAREA.
You barely miss the sky beast.
The sky beast is moderately wounded.
Xom's power touches on your mind for a moment.
You are confused.
The sky beast hits you.
* * * LOW HITPOINT WARNING * * *
The sky beast shocks you.
* * * LOW HITPOINT WARNING * * *
You hit the sky beast.
The sky beast is heavily wounded.
The sky beast hits you.
* * * LOW HITPOINT WARNING * * *
The sky beast shocks you.
You die...
Xom thinks this is hilarious!

#.....###....#.>......#.
#######........#.#.....#
........###....)..###.#
........# #.###.)...#.##
######### #.<##.........
##.#.......##≈
#.#.....#≈# #Y#.....#≈≈≈
#.@....## #≈≈ ###....#
#..[.≈≈# #....##≈
##....# #...≈# #...?
....


You could see a sky beast.

Vanquished Creatures
  An orc wizard (D:2)
  4 adders (D:2)
  A shadow imp (D:3)
  3 worms (D:2)
  2 dart slugs (D:2)
  2 giant geckos
  2 orcs (D:3)
  2 ball pythons (D:1)
  6 bats
  2 giant cockroaches
  9 hobgoblins
  12 kobolds
  A quokka (D:2)
  6 giant newts
  3 goblins
  6 rats
62 creatures vanquished.

Notes
Turn   | Place    | Note
-------+----------+-------------------------------------------
     0 | D:1      | AlphabetPasta the Octopode Chaos Knight began the quest for the Orb.
     0 | D:1      | Reached XP level 1. HP: 16/16 MP: 1/1
    53 | D:1      | XOM: harmless Conj miscast
    64 | D:1      | XOM: harmless Summ miscast
   160 | D:1      | Reached XP level 2. HP: 13/21 MP: 2/2
   330 | D:1      | XOM: silly message
   762 | D:2      | XOM: butterfly on damage
   763 | D:2      | Reached XP level 3. HP: 14/26 MP: 3/3
   765 | D:2      | Reached skill level 1 in Throwing
   768 | D:2      | HP: 1/26 [giant gecko (2)]
  1374 | D:2      | Reached XP level 4. HP: 17/31 MP: 4/4
  1732 | D:2      | XOM: butterfly on damage
  1744 | D:2      | XOM: harmless Summ miscast
  1749 | D:2      | XOM: harmless Summ miscast
  1801 | D:1      | XOM: divination: detect creatures
  1983 | D:1      | XOM: silly message
  2078 | D:2      | XOM: cloud trail
  2268 | D:2      | Reached skill level 4 in Long Blades
  2509 | D:2      | Reached XP level 5. HP: 29/37 MP: 5/5
  2614 | D:3      | Found a bloodstained altar of Trog.
  2664 | D:3      | Noticed a sky beast
  2673 | D:3      | XOM: potion effect (curing)
  2695 | D:3      | XOM: confusion
  2696 | D:3      | Slain by a sky beast

Vault maps used:
D:1:      lemuel_arrival_hallway
D:2:      kb_forest_paths
D:3:      minivault_4, trog_book

Skill      XL: |  1  2  3  4 |
---------------+-------------+-----
Throwing       | 1 |  1.8
Dodging        | 3 |  3.1
Long Blades    | 4 |  4.3
Fighting       | |  3.8

Action                   |  1- 3 |  4- 6 || total
-------------------------+-------+-------++-------
Melee: Falchion          |    81 |    79 ||   160
       Constrict         |    17 |    16 ||    33
       Tentacles         |     9 |    11 ||    20
  Use: Potion            |     2 |     2 ||     4
       Scroll            |     1 |     3 ||     4
 Stab: Sleeping          |     2 |     4 ||     6
       Distracted        |     2 |       ||     2
       Paralysed         |     1 |       ||     1
       Petrified         |     2 |       ||     2
  Eat: Chunk             |     1 |     5 ||     6
Armor: Skin              |     8 |     7 ||    15
Dodge: Dodged            |    44 |    32 ||    76
